 Dungeon Crawl Stone Soup version 0.29-a0-222-g5b244fca1f (webtiles) character file.

Game seed: 7129934637323018887

11036 Hasart the Carver (level 11, -10/91 HPs)
             Began as a Demigod Gladiator on Feb 27, 2022.
             Mangled by a skeletal warrior
             ... wielding a +0 glaive
              (14 damage)
             ... on level 10 of the Dungeon.
             The game lasted 00:22:37 (13920 turns).

Hasart the Carver (Demigod Gladiator)              Turns: 13920, Time: 00:22:37

Health: -10/91     AC:  9    Str: 21    XL:     11   Next: 21%
Magic:  14/14      EV: 16    Int: 10    God:
Gold:   882        SH: 12    Dex: 27    Spells: 10/10 levels left

rFire   . . .      SeeInvis .   a - +1 long sword (vamp)
rCold   . . .      Faith    .   w - +0 kite shield
rNeg    . . .      Spirit   .   H - +0 troll leather armour
rPois   .          Reflect  .   c - +0 helmet
rElec   .          Harm     .   n - +0 cloak
rCorr   .          Rampage  .   (no gloves)
Will    +....                   A - +2 pair of boots {Stlth+}
Stlth   +++++.....              r - amulet of the acrobat
HPRegen 1.05/turn               b - +6 ring of strength
MPRegen 0.14/turn               (no ring)

@: studying Translocations
A: high MP 1, forlorn, divine attributes
a: no special abilities


You were on level 10 of the Dungeon.
You visited 2 branches of the dungeon, and saw 12 of its levels.

You collected 882 gold pieces.

Inventory:

Hand Weapons
 a - a +1 vampiric long sword (weapon)
 E - a +0 dagger of draining
Missiles
 d - a throwing net (quivered)
 k - 7 poisoned darts
Armour
 c - a +0 helmet (worn)
 n - a +0 cloak (worn)
 o - the +1 leather armour of Trial and Error {rElec Dex+4 Stlth+}
   (You found it on level 2 of the Dungeon)

   Dex:       It affects your dexterity (+4).
   rElec:     It insulates you from electricity.
   Stlth:     It makes you more stealthy.
 w - a +0 kite shield (worn)
 y - the +1 leather armour "Ciqos" {rPois rC+}
   (You found it on level 6 of the Dungeon)

   rC:        It protects you from cold.
   rPois:     It protects you from poison.
 A - a +2 pair of boots of stealth (worn)
 H - a +0 troll leather armour (worn)
Jewellery
 b - a +6 ring of strength (left hand)
 m - a ring of fire
 r - an amulet of the acrobat (around neck)
 L - a ring of protection from fire
Wands
 u - a wand of iceblast (7)
 x - a wand of polymorph (11)
 B - a wand of flame (11)
 D - a wand of digging (7)
 I - a wand of charming (1)
Scrolls
 e - 3 scrolls of enchant weapon
 i - 8 scrolls of identify
 j - a scroll of silence
 p - 2 scrolls of teleportation
 C - a scroll of immolation
 F - a scroll of blinking
 J - a scroll of summoning
 K - 2 scrolls of fog
Potions
 f - 4 potions of haste
 g - a potion of invisibility {unknown}
 h - 4 potions of lignification {unknown}
 l - 2 potions of ambrosia
 q - a potion of berserk rage {unknown}
 s - a potion of resistance {unknown}
 t - a potion of cancellation {unknown}
 v - a potion of brilliance {unknown}
 z - 5 potions of curing {unknown}
 G - a potion of heal wounds
 M - a potion of flight {unknown}


   Skills:
 + Level 6.4 Fighting
 * Level 9.4 Long Blades
 - Level 5.0 Throwing
 + Level 6.7 Dodging
 + Level 6.7 Stealth
 + Level 5.4 Shields
 + Level 5.5 Evocations


You had 10 spell levels left.
You didn't know any spells.
Your spell library contained the following spells:

 Spells                   Type           Power      Damage    Failure   Level
 Animate Skeleton         Necr           0%         N/A       77%         1
 Pain                     Necr           0%         1d4       77%         1
 Frozen Ramparts          Ice            0%         1d2       98%         3
 Vampiric Draining        Necr           0%         2d6       98%         3
 Ice Form                 Ice/Tmut       0%         N/A       100%        4
 Summon Ice Beast         Ice/Summ       0%         N/A       100%        4


Dungeon Overview and Level Annotations

Branches:
Dungeon (11/15)            Temple (0/1) D:5            Lair (1/6) D:11
    Orc: D:9-12

Shops:
D:9 [

Portals:
Abyss: D:5

Annotations:
D:5 2 transporters, BigAl's ghost, novice MiFi
D:11 2 transporters, bmj180's ghost, journeyman DsNe
Lair:1 Grum


Innate Abilities, Weirdness & Mutations

You have an increased reservoir of magic. (+10% MP)
You shall have no god before yourself.
Your divine heritage dramatically boosts your attributes as you level up.


Message History

You block the skeletal warrior's attack.
You barely miss the skeletal warrior.
The skeletal warrior is lightly damaged.
You block the skeletal warrior's attack.
You hit the skeletal warrior.
The skeletal warrior is lightly damaged.
You block the skeletal warrior's attack.
You hit the skeletal warrior but do no damage.
The skeletal warrior is lightly damaged.
You block the skeletal warrior's attack.
You hit the skeletal warrior but do no damage.
The skeletal warrior is lightly damaged.
The skeletal warrior hits you with a +0 glaive!!
The skeletal warrior hits you with a +0 glaive.
The skeletal warrior hits you from afar with a +0 glaive!
Press: ? - help, v - describe, . - travel
Here: a skeletal warrior, wielding a +0 glaive The floor.
You see here a +0 club.
You see here a +0 club.
The skeletal warrior closely misses you.
You hit the skeletal warrior.
The skeletal warrior is lightly damaged.
The skeletal warrior hits you with a +0 glaive.
You slash the skeletal warrior!
The skeletal warrior is lightly damaged.
The skeletal warrior hits you with a +0 glaive!!
You closely miss the skeletal warrior.
The skeletal warrior is lightly damaged.
The skeletal warrior hits you with a +0 glaive!!
You hit the skeletal warrior.
The skeletal warrior is lightly damaged.
The skeletal warrior hits you with a +0 glaive!!
* * * LOW HITPOINT WARNING * * *
The skeletal warrior hits you with a +0 glaive!
* * * LOW HITPOINT WARNING * * *
You closely miss the skeletal warrior.
The skeletal warrior is lightly damaged.
The skeletal warrior hits you with a +0 glaive!
You die...

.......# #..........# #####..#
#..........#
#####..###..........##
............z.......>###########
#####..##.....##........)[.....#
...##..##z##########.#########.#
...##..##.# #.# #.#
.......##.##########.# #.#
##.............z@)...# #.#
........#.############ #.#
####....[.(..........# ######.#
#...............#.# #......##
#........).####.#.# #.######.
#..#.......# #.#.# #.# #.
#..#.......# #.#.# #.# #.
####..#.......# #.#.# #.# #.
......#.......####.#.## #.# #.


You could see a skeletal warrior.

Vanquished Creatures
  2 boulder beetles
  A centaur warrior (D:11)
  2 two-headed ogres
  A cyclops (D:11)
  A manticore (D:7)
  Psyche (D:9)
  5 trolls
  A hornet (D:9)
  A slime creature (D:11)
  7 yaks
  3 wyverns
  3 wraiths
  A vampire (D:10)
  2 steam dragons (D:9)
  3 acid dragons
  2 water moccasins
  2 orc warriors (D:8)
  4 sky beasts
  A wolf (D:11)
  2 centaurs
  2 phantoms
  3 bullfrogs
  2 kobold brigands
  6 killer bees (D:7)
  4 howler monkeys
  2 hounds
  2 orc priests
  2 jellies
  A gnoll shaman (D:9)
  Jessica (D:2)
  Ijyb (D:4)
  2 iguanas
  9 orc wizards
  11 gnolls
  6 adders
  A shadow imp (D:7)
  3 white imps (D:7)
  A worm (D:2)
  4 dart slugs
  27 orcs
  5 bats
  7 endoplasms
  5 giant cockroaches
  4 goblins
  10 hobgoblins
  4 quokkas
  9 ball pythons
  4 frilled lizards
  18 kobolds
  6 rats
207 creatures vanquished.

Vanquished Creatures (others)
  A wizard (D:11)
  3 toadstools (D:6)
4 creatures vanquished.

Grand Total: 211 creatures vanquished

Notes
Turn   | Place    | Note
-------+----------+-------------------------------------------
     0 | D:1      | Hasart the Demigod Gladiator began the quest for the Orb.
     0 | D:1      | Reached XP level 1. HP: 17/17 MP: 3/3
   364 | D:1      | Reached skill level 3 in Long Blades
   364 | D:1      | Reached XP level 2. HP: 10/24 MP: 4/4
  1296 | D:2      | Reached XP level 3. HP: 29/29 MP: 5/5
  1335 | D:2      | Reached skill level 1 in Stealth
  1752 | D:2      | Noticed Jessica
  1768 | D:2      | Killed Jessica
  1769 | D:2      | Reached XP level 4. HP: 20/37 MP: 6/6
  2582 | D:2      | Reached XP level 5. HP: 34/42 MP: 7/7
  2677 | D:2      | Identified the +1 leather armour of Trial and Error {rElec
                  | Dex+4 Stlth+}
  3173 | D:3      | Reached skill level 4 in Long Blades
  3999 | D:4      | Reached XP level 6. HP: 47/51 MP: 8/8
  4269 | D:4      | Noticed Ijyb
  4287 | D:4      | Killed Ijyb
  4841 | D:5      | Entered Level 5 of the Dungeon
  5260 | D:5      | Noticed a small abomination
  5262 | D:5      | Found a transporter.
  5264 | D:5      | Found a one-way gate to the infinite horrors of the Abyss.
  5264 | D:5      | Noticed BigAl's ghost (novice MiFi)
  5281 | D:5      | Found a transporter.
  5541 | D:5      | Found a staircase to the Ecumenical Temple.
  5556 | D:5      | Reached XP level 7. HP: 47/57 MP: 9/9
  5829 | D:6      | Reached skill level 1 in Evocations
  5856 | D:6      | Identified the +1 leather armour "Ciqos" {rPois rC+}
  5891 | D:6      | Identified the +3 hand axe of the Glowing Queen {pain, Fly
                  | Int+4}
  5894 | D:6      | Noticed a two-headed ogre
  5981 | D:6      | Reached skill level 5 in Long Blades
  6315 | D:6      | Reached skill level 1 in Shields
  6889 | D:7      | Noticed a cacodemon
  6921 | D:7      | Noticed a boulder beetle
  6960 | D:7      | Killed a boulder beetle
  6961 | D:7      | Reached XP level 8. HP: 66/66 MP: 10/10
  7186 | D:7      | Reached skill level 6 in Long Blades
  7803 | D:7      | Noticed a manticore
  7820 | D:7      | Killed a manticore
  7821 | D:7      | Reached XP level 9. HP: 52/72 MP: 11/11
  8099 | D:7      | Reached skill level 5 in Dodging
  8538 | D:8      | Reached skill level 7 in Long Blades
  9214 | D:9      | Reached skill level 5 in Fighting
  9214 | D:9      | Reached skill level 5 in Stealth
  9467 | D:8      | Reached skill level 5 in Throwing
  9882 | D:9      | Found Kaamew's Armour Shoppe.
  9920 | D:9      | Noticed Psyche
 10178 | D:9      | Killed Psyche
 10389 | D:9      | Reached XP level 10. HP: 40/81 MP: 13/13
 10791 | D:9      | Noticed a two-headed ogre
 10814 | D:10     | Entered Level 10 of the Dungeon
 11095 | D:10     | Identified the +0 scale mail of the Old World {Will++
                  | Stlth+}
 11152 | D:10     | Reached skill level 8 in Long Blades
 12559 | D:9      | Killed a two-headed ogre
 12560 | D:9      | Reached skill level 5 in Evocations
 12832 | D:11     | Found a staircase to the Lair.
 12844 | D:11     | Noticed a two-headed ogre
 12867 | D:11     | Noticed a centaur warrior
 12870 | D:11     | Killed a two-headed ogre
 12890 | D:11     | Killed a centaur warrior
 12891 | D:11     | Reached skill level 5 in Shields
 12955 | D:11     | Noticed a six-headed hydra
 13109 | D:11     | Noticed a boulder beetle
 13125 | D:11     | Killed a boulder beetle
 13126 | D:11     | Reached skill level 9 in Long Blades
 13126 | D:11     | Reached XP level 11. HP: 75/89 MP: 14/14
 13129 | D:11     | Noticed a wizard
 13168 | D:11     | Killed a wizard
 13207 | D:11     | Noticed a six-headed hydra
 13222 | D:11     | Noticed a boulder beetle
 13301 | D:11     | Found a transporter.
 13301 | D:11     | Found a transporter.
 13301 | D:11     | Noticed bmj180's ghost (journeyman DsNe)
 13378 | D:11     | Noticed a skeletal warrior
 13500 | D:11     | Noticed a four-headed hydra
 13501 | D:11     | Noticed a skeletal warrior
 13502 | D:11     | Noticed a skeletal warrior
 13707 | Lair:1   | Entered Level 1 of the Lair of Beasts
 13707 | Lair:1   | Noticed Grum
 13828 | D:11     | Noticed a skeletal warrior
 13919 | D:10     | HP: 3/91 [skeletal warrior/+0 glaive (9)]
 13920 | D:10     | Mangled by a skeletal warrior

Illustrated notes

Levels and vault maps discovered:
D:1:      minmay_arrival_glassed_features, layout_basic, grunt_decor_junction
D:2:      layout_loops_ring, shapermc_ecumenical_altar_starsandcircs,
          amethyst_killhole, minmay_pentomino_pile, uniq_jessica
D:3:      layout_basic, nicolae_ashenzari_panopticon,
          mainiacjoe_overflow_surrounded_room,
          wander_ebering_terrifying_dragon_lair
D:4:      layout_loops_ring, st_stairs_8, dk_noncrumbling_2, uniq_ijyb
D:5:      layout_loops_ring, minmay_temple_entry_overgrown,
          gammafunk_ghost_abyssal_escape
D:6:      layout_rooms, minmay_gold_behind_fungi, grunt_decor_one_mirror,
          solitary_fountain
D:7:      layout_loops_corners, old_standard_altar, old_standard_altar,
          mainiacjoe_overflow_cross_hatched, makhleb_altar_promises_db,
          minmay_manual_mullet
D:8:      layout_basic
D:9:      layout_basic, serial_shops, nicolae_shop_hallway_plus,
          hangedman_misty_isle, uniq_psyche
D:10:     layout_basic
D:11:     minmay_the_grid_four_pointed_star_mashed
          [minmay_the_grid_triangle_9x9_zippers_vertical,
          minmay_the_grid_triangle_9x9_sprig,
          minmay_the_grid_triangle_9x9_thin_v,
          minmay_the_grid_triangle_9x9_flanged_cone,
          minmay_the_grid_prize_shrinking_boxes], layout_loops_ring,
          gammafunk_ghost_hive
Lair:1:   layout_regular_city, serial_bayou_shore_b, grunt_megastairs_2,
          uniq_erica, uniq_grum

Skill      XL: |  1  2  3  4  5  6  7  8  9 10 |
---------------+-------------------------------+-----
Fighting       | 2 3 4 5 6 |  6.4
Long Blades    | 3 4 5 6 7 9 |  9.4
Throwing       | 2 3 4 5 |  5.0
Stealth        | 1 2 3 4 5 6 |  6.7
Dodging        | 3 4 5 6 |  6.7
Evocations     | 2 3 4 5 |  5.5
Shields        | 2 3 5 |  5.4

Action                   |  1- 3 |  4- 6 |  7- 9 | 10-12 || total
-------------------------+-------+-------+-------+-------++-------
Melee: Long sword        |    88 |   188 |   301 |   250 ||   827
       Punch             |     1 |     3 |       |       ||     4
       Unarmed           |       |       |    21 |       ||    21
Throw: Dart              |     9 |       |    25 |    30 ||    64
       Throwing net      |       |       |     2 |     2 ||     4
Evoke: Wand              |       |       |     3 |       ||     3
  Use: Scroll            |       |       |    11 |     4 ||    15
       Potion            |       |       |     1 |       ||     1
 Stab: Sleeping          |     2 |    22 |     8 |     3 ||    35
       Distracted        |       |     2 |     3 |       ||     5
       Held in net/web   |       |       |     1 |     2 ||     3
       Invisible         |       |       |     1 |       ||     1
Armor: Leather armour    |    26 |    42 |    65 |    15 ||   148
       Troll leather arm |       |       |       |    50 ||    50
Dodge: Dodged            |    44 |   109 |   187 |   175 ||   515
Block: Kite shield       |       |    19 |   163 |   176 ||   358

Table legend: (Time is in decaauts)
 A = Elapsed time spent in this place.
 B = Non-inter-level travel time spent in this place.
 C = Inter-level travel time spent in this place.
 D = Time resting spent in this place.
 E = Time spent auto-exploring this place.
 F = Levels seen in this place.
 G = Mean time per level.
                   A        B        C        D        E       F      G
               +--------+--------+--------+--------+--------+-----+--------+
         Total |  14149 |  13474 |    675 |   2303 |   8254 |  12 | 1179.1 |
       Dungeon |  14140 |  13465 |    675 |   2303 |   8254 |  11 | 1285.5 |
          Lair |      9 |      9 |      0 |      0 |      0 |   1 |    9.0 |
               +--------+--------+--------+--------+--------+-----+--------+

Top non-repeatable levels by time:
    D:10: 1957 daAuts
     D:7: 1772 daAuts
     D:2: 1553 daAuts
     D:8: 1473 daAuts
     D:1: 1403 daAuts
     D:9: 1359 daAuts
     D:3: 1045 daAuts
     D:4: 1018 daAuts
     D:6: 991 daAuts
     D:5: 847 daAuts
    D:11: 719 daAuts
  Lair:1: 9 daAuts
